 Dungeon Crawl Stone Soup version 0.22-a0-274-gf8199ec82f (webtiles) character file.

62 Ikesh the Skirmisher (level 3, -5/29 HPs)
             Began as a Vampire Abyssal Knight on Mar 14, 2018.
             Was a Believer of Lugonu.
             Killed from afar by Sigmund (7 damage)
             ... with a puff of flame
             ... on level 3 of the Dungeon.
             The game lasted 00:05:07 (1008 turns).

Ikesh the Skirmisher (Vampire Abyssal Knight)       Turns: 1008, Time: 00:05:08

Health: -5/29      AC:  3    Str: 11    XL:     3   Next: 85%
Magic:  4/4        EV: 12    Int: 14    God:    Lugonu [**....]
Gold:   15         SH:  0    Dex: 14    Spells: 2/2 levels left

rFire    . . .     SeeInvis +   h - +2 dagger (drain)
rCold    . . .     Gourm    .   (no shield)
rNeg     + . .     Faith    .   b - +0 leather armour
rPois    .         Spirit   .   (no helmet)
rElec    .         Reflect  .   (no cloak)
rCorr    .         Harm     .   (no gloves)
MR       .....                  (no boots)
Stlth    +.........             (no amulet)
HPRegen  0.09/turn              (no ring)
MPRegen  0.09/turn              (no ring)

@: no status effects
A: fangs 3, see invisible, unbreathing
a: Bat Form, Depart the Abyss, Bend Space, Renounce Religion


You were on level 3 of the Dungeon.
You worshipped Lugonu.
Lugonu was pleased with you.
You were not thirsty.

You visited 1 branch of the dungeon, and saw 3 of its levels.
You visited the Abyss 1 time.

You collected 15 gold pieces.

Inventory:

Hand Weapons
 h - a +2 dagger of draining (weapon)
Armour
 b - a +0 leather armour (worn)
Scrolls
 a - a scroll of teleportation {unknown}
 d - 2 scrolls of magic mapping {unknown}
 f - 2 scrolls of random uselessness {unknown}
Potions
 c - 14 potions of blood
 e - a potion of berserk rage {unknown}
 g - a potion of curing {unknown}


   Skills:
 + Level 3.3 Fighting
 + Level 3.0 Short Blades
 + Level 1.4 Armour
 + Level 2.7 Dodging
 + Level 1.8 Invocations


You had 2 spell levels left.
You didn't know any spells.

Dungeon Overview and Level Annotations

Branches:
Dungeon (3/15)

Altars:
Cheibriados
Yredelemnul

Annotations:
D:3 Sigmund


Innate Abilities, Weirdness & Mutations

You have razor-sharp teeth.
You have supernaturally acute eyesight. (SInv)
You can survive without breathing.


Message History

You completely miss the hobgoblin.
The hobgoblin is moderately wounded.
Sigmund casts a spell at you. You resist with some effort.
The hobgoblin hits you.
You hit the hobgoblin.
The hobgoblin is severely wounded.
The hobgoblin hits you.
* * * LOW HITPOINT WARNING * * *
You closely miss the hobgoblin. Your bite misses the hobgoblin.
The hobgoblin is severely wounded.
The hobgoblin hits you.
* * * LOW HITPOINT WARNING * * *
You hit the hobgoblin but do no damage. You drain the hobgoblin!
You kill the hobgoblin!
Lugonu accepts your kill.
Your Short Blades skill increases to level 3!
An orc comes into view. It is wielding a whip.
Sigmund casts a spell at you. The puff of flame hits you!
You die...

... #...(.......#
...##...........#
.................
. ................
..................
....##..........#.
..................
#.@..@)...o..
##........#.#
##).....##
#######..) ##


You could see Sigmund.

Vanquished Creatures
  An adder (D:2)
  An ooze (D:1)
  3 worms (D:2)
  A dart slug (D:1)
  A leopard gecko (D:2)
  A giant cockroach (D:1)
  3 goblins
  7 hobgoblins
  2 jackals (D:2)
  7 kobolds
  4 bats
  2 frilled lizards
  4 rats
37 creatures vanquished.

Notes
Turn   | Place    | Note
-------+----------+-------------------------------------------
     0 | Abyss:1  | Ikesh the Vampire Abyssal Knight began the quest for the Orb.
     0 | Abyss:1  | Reached XP level 1. HP: 17/17 MP: 2/2
    18 | D:1      | Escaped the Abyss
   110 | D:1      | Reached XP level 2. HP: 19/24 MP: 3/3
   226 | D:1      | Reached ** piety under Lugonu
   353 | D:1      | Reached XP level 3. HP: 29/29 MP: 4/4
   477 | D:2      | Reached skill level 1 in Armour
   608 | D:2      | Found a basalt altar of Yredelemnul.
   617 | D:2      | Found a snail-covered altar of Cheibriados.
   997 | D:3      | Noticed Sigmund
  1006 | D:3      | HP: 1/29 [hobgoblin (5)]
  1008 | D:3      | Killed from afar by Sigmund

Vault maps used:
D:1:      tarquinn_simple_flora_water_d
D:2:      minitemple
D:3:      uniq_sigmund, uniq_ijyb
Abyss:1:  hangedman_abyss_or_decor_lesser_grid

Skill      XL: |  1  2  3 |
---------------+----------+-----
Fighting       | 3 |  3.3
Armour         | 1 |  1.4
Short Blades   | 3 |  3.0
Dodging        | |  2.7
Invocations    | |  1.8

Action                   || total
-------------------------++-------
Melee: Short sword       ||    58
       Bite              ||    11
       Dagger            ||    44
Armor: Leather armour    ||    16
Dodge: Dodged            ||    39

Table legend:
 A = Spawn XP
 B = Non-spawn XP
 C = Spawn XP percentage of total XP
 D = Spawn monster count
 E = Non-spawn monster count
 F = Spawn count percentage of total count
 G = Total turns spent on level
                    A         B        C        D         E        F      G
               +---------+---------+-------+---------+---------+-------+---------
         Total |       0 |      89 |   0.0 |       0 |      37 |   0.0 |  1008
               +---------+---------+-------+---------+---------+-------+---------
           D:1 |       0 |      43 |   0.0 |       0 |      22 |   0.0 |   438
           D:2 |       0 |      42 |   0.0 |       0 |      13 |   0.0 |   537
           D:3 |       0 |       4 |   0.0 |       0 |       2 |   0.0 |    15
               +---------+---------+-------+---------+---------+-------+---------
